 Dungeon Crawl Stone Soup version 0.29-a0-1047-g7c58e119a4 (webtiles) character file.

Game seed: 10652533027377722424

977 Newt the Shooter (level 8, -5/48 HPs)
             Began as a Kobold Arcane Marksman on Aug 16, 2022.
             Asphyxiated
             ... on level 5 of the Dungeon.
             The game lasted 00:13:36 (7225 turns).

Newt the Shooter (Kobold Arcane Marksman)           Turns: 7225, Time: 00:13:37

Health: -5/48      AC:  6    Str: 10    XL:     8   Next: 39%
Magic:  8/9        EV: 16    Int: 14    God:
Gold:   141        SH:  0    Dex: 15    Spells: 8/9 levels left

rFire   . . .      SeeInvis .   a - +1 sling (flame)
rCold   . . .      Faith    .   (no shield)
rNeg    . . .      Spirit   .   c - +0 robe
rPois   .          Reflect  .   (helmet restricted)
rElec   .          Harm     .   (no cloak)
rCorr   .          Rampage  .   e - +0 pair of gloves
Will    .....                   k - +0 pair of boots
Stlth   +++.......              (no amulet)
HPRegen 0.16/turn               (no ring)
MPRegen 0.11/turn               (no ring)

@: lethally poisoned (-5 -> -32), slowed, very slow
A: small, no large weapons, nightstalker 3, horns 1, iridescent scales 1, wild
magic 1, MP-powered wands
a: no special abilities


You were on level 5 of the Dungeon.
You visited 1 branch of the dungeon, and saw 5 of its levels.

You collected 141 gold pieces.

Inventory:

Hand Weapons
 a - a +1 sling of flaming (weapon)
 j - a +0 whip
Missiles
 l - 8 boomerangs
 q - 9 poisoned darts
Armour
 c - a +0 robe (worn)
 e - a +0 pair of gloves (worn)
 k - a +0 pair of boots (worn)
Jewellery
 f - a +6 ring of dexterity
 i - a ring of willpower
 p - a ring of positive energy
 t - a +4 ring of protection
Wands
 o - a wand of charming (6)
Scrolls
 b - 2 scrolls of poison
 h - a scroll of vulnerability
 m - 2 scrolls of immolation
 n - 2 scrolls of magic mapping
 u - a scroll of teleportation
 x - a scroll of enchant armour
Potions
 d - 3 potions of degeneration
 r - a potion of mutation
 s - a potion of brilliance
 v - a potion of attraction
 w - a potion of berserk rage {unknown}


   Skills:
 - Level 4.0 Fighting
 - Level 7.0 Ranged Weapons
 - Level 5.0 Dodging
 - Level 3.0 Stealth
 + Level 1.2 Spellcasting
 - Level 6.0 Hexes


You had 8 spell levels left.
You knew the following spells:

 Your Spells              Type           Power      Damage    Failure   Level
a - Slow                  Hex            88%        N/A       4%          1

Your spell library contained the following spells:

 Spells                   Type           Power      Damage    Failure   Level
 Inner Flame              Hex/Fire       12%        N/A       30%         3
 Portal Projectile        Hex/Tloc       24%        N/A       30%         3
 Cause Fear               Hex            11%        N/A       30%         4
 Sting                    Tmut/Pois      4%         1d3       34%         1
 Poisonous Vapours        Pois/Air       2%         N/A       45%         2
 Olgreb's Toxic Radiance  Pois           1%         N/A       97%         4


Dungeon Overview and Level Annotations

Branches:
Dungeon (5/15)
 Temple: D:4-7

Altars:
Sif Muna

Shops:
D:3 =


Innate Abilities, Weirdness & Mutations

You are small and have problems with some larger weapons.
You are completely attuned to the shadows.
You have a pair of small horns on your head.
You are partially covered in iridescent scales. (AC +2)
Your spells are a little harder to cast, but a little more powerful.
You expend magic power (3 MP) to strengthen your wands.


Message History

Casting: Slow (safe; 4% risk of failure)
Confirm with . or Enter, or press ? or * to list all spells.
Aiming: Slow (safe; 4% risk of failure)
Press: ? - help, Shift-Dir - straight line, f/p - kobold brigand
Aim: a kobold brigand, wielding a +0 club and quivering curare-tipped darts (chance to affect: 62%)
The kobold brigand seems to slow down.
Unknown command.
You shoot a sling bullet.
The sling bullet barely misses the kobold brigand.
You shoot a sling bullet.
The sling bullet completely misses the kobold brigand.
You shoot a sling bullet.
The sling bullet closely misses the kobold brigand.
The kobold brigand throws a curare-tipped dart.
The curare-tipped dart hits you.
You are poisoned.
You have difficulty breathing.
You feel yourself slow down.
You shoot a sling bullet.
The sling bullet closely misses the kobold brigand.
You feel very sick.
The kobold brigand throws a curare-tipped dart.
The curare-tipped dart hits you.
You are more poisoned.
You have difficulty breathing.
You feel as though you will be slow longer.
You feel very sick.
The kobold brigand throws a curare-tipped dart.
The curare-tipped dart hits you.
You are more poisoned.
You have difficulty breathing.
You feel as though you will be slow longer.
* * * LOW HITPOINT WARNING * * *
You feel extremely sick.
* * * LOW HITPOINT WARNING * * *
You feel very sick.
The kobold brigand throws a curare-tipped dart.
The curare-tipped dart hits you.
You are more poisoned.
You have difficulty breathing.
You die...

#.#.# #.#.)
#########.#.#
#####.........#.#
#...#.##.######.#
#####...#.#...###...)
#.........#.......###
.....######..........
....@..........K.....
...................##
..(................#
#.###.......)......##
.......K.............
..................##
........# ...#######
......##. ......
......


You could see a kobold brigand (slow).

Vanquished Creatures
  A steam dragon (D:5)
  An ice beast (D:5)
  An ogre (D:5)
  A phantom (D:4)
  A kobold brigand (D:3)
  A scorpion (D:5)
  A hound (D:3)
  A jelly (D:5)
  A gnoll bouda (D:3)
  An iguana (D:5)
  6 orc wizards
  3 gnolls
  6 adders
  A white imp (D:3)
  2 worms
  2 dart slugs (D:4)
  11 orcs
  8 endoplasms
  3 giant cockroaches
  5 goblins
  7 hobgoblins
  5 quokkas
  8 ball pythons
  A bat (D:2)
  3 frilled lizards
  11 kobolds
  6 rats
98 creatures vanquished.

Vanquished Creatures (others)
  A hound (D:3)
  An ufetubus (D:5)
2 creatures vanquished.

Grand Total: 100 creatures vanquished

Notes
Turn   | Place    | Note
-------+----------+-------------------------------------------
     0 | D:1      | Newt the Kobold Arcane Marksman began the quest for the
                  | Orb.
     0 | D:1      | Reached XP level 1. HP: 12/12 MP: 2/2
    51 | D:1      | Reached skill level 1 in Stealth
   112 | D:1      | Reached XP level 2. HP: 12/16 MP: 3/3
   687 | D:2      | Reached skill level 3 in Ranged Weapons
   713 | D:2      | Reached XP level 3. HP: 20/20 MP: 4/4
  1002 | D:2      | Found a faded altar of an unknown god.
  1184 | D:2      | Reached skill level 4 in Ranged Weapons
  1509 | D:2      | Reached XP level 4. HP: 25/25 MP: 5/5
  2207 | D:3      | Found Ufidgh's Jewellery Shoppe.
  2570 | D:3      | Reached skill level 5 in Ranged Weapons
  2758 | D:3      | Reached XP level 5. HP: 16/29 MP: 4/6
  2900 | D:4      | Noticed a kobold brigand
  3353 | D:3      | Killed a kobold brigand
  3762 | D:4      | Noticed a phantom
  3790 | D:3      | Reached XP level 6. HP: 19/34 MP: 5/7
  4137 | D:3      | Reached skill level 5 in Hexes
  4753 | D:5      | Entered Level 5 of the Dungeon
  5336 | D:4      | Reached XP level 7. HP: 35/38 MP: 8/8
  5498 | D:4      | Gained mutation: You have a pair of small horns on your
                  | head. [potion of mutation]
  5498 | D:4      | Gained mutation: Your spells are a little harder to cast,
                  | but a little more powerful. [potion of mutation]
  5498 | D:4      | Gained mutation: You are partially covered in iridescent
                  | scales. (AC +2) [potion of mutation]
  5498 | D:4      | Gained mutation: You expend magic power (3 MP) to
                  | strengthen your wands. [potion of mutation]
  5586 | D:5      | Noticed a steam dragon
  5761 | D:5      | Reached skill level 6 in Ranged Weapons
  5927 | D:5      | Reached skill level 7 in Ranged Weapons
  6168 | D:5      | Found a shimmering blue altar of Sif Muna.
  6195 | D:5      | Reached XP level 8. HP: 43/46 MP: 9/9
  7149 | D:5      | Reached skill level 5 in Dodging
  7225 | D:5      | Asphyxiated

Illustrated notes

Levels and vault maps discovered:
D:1:      shiori_shiawase, layout_basic
D:2:      layout_basic, hellmonk_ecumenical_altar_slurped_away,
          minmay_pentomino_x2
D:3:      layout_basic, serial_shops, nicolae_shop_trees
D:4:      layout_rooms, minivault_23
D:5:      layout_basic, led_sif_book, minmay_misc_feat_encased,
          kennysheep_small_spiral, kennysheep_generic_room_5

Skill      XL: |  1  2  3  4  5  6  7  8 |
---------------+-------------------------+-----
Stealth        | 2 3 |  3.0
Ranged Weapons | 3 4 5 7 |  7.0
Hexes          | 4 6 |  6.0
Fighting       | 3 4 |  4.0
Dodging        | 5 |  5.0
Spellcasting   | |  1.2

Action                   |  1- 3 |  4- 6 |  7- 9 || total
-------------------------+-------+-------+-------++-------
Melee: Sling             |       |       |     1 ||     1
 Fire: Sling             |    74 |   233 |   165 ||   472
 Cast: Slow              |       |    41 |    14 ||    55
Evoke: Wand              |       |     3 |     1 ||     4
  Use: Scroll            |     3 |     5 |     5 ||    13
       Potion            |       |     3 |     1 ||     4
Armor: Robe              |     5 |    21 |    33 ||    59
Dodge: Dodged            |    15 |   120 |    87 ||   222

Table legend: (Time is in decaauts)
 A = Elapsed time spent in this place.
 B = Non-inter-level travel time spent in this place.
 C = Inter-level travel time spent in this place.
 D = Time resting spent in this place.
 E = Time spent auto-exploring this place.
 F = Levels seen in this place.
 G = Mean time per level.
                   A        B        C        D        E       F      G
               +--------+--------+--------+--------+--------+-----+--------+
         Total |   7297 |   6906 |    391 |   2244 |   3276 |   5 | 1459.4 |
       Dungeon |   7297 |   6906 |    391 |   2244 |   3276 |   5 | 1459.4 |
               +--------+--------+--------+--------+--------+-----+--------+

Top non-repeatable levels by time:
     D:3: 2408 daAuts
     D:5: 1717 daAuts
     D:2: 1358 daAuts
     D:4: 1201 daAuts
     D:1: 611 daAuts
